 Dungeon Crawl Stone Soup version 0.30-a0-389-g8d7d949f56 (webtiles) character file.

Game seed: 12611262171582123596

1145 arthad the Firebug (level 8, 0/57 (58) HPs)
             Began as a Gnoll Fire Elementalist on Dec 3, 2022.
             Was a Follower of Okawaru.
             Slain by a wight
             ... wielding a +0 mace
              (12 damage)
             ... on level 6 of the Dungeon.
             The game lasted 00:15:16 (5037 turns).

arthad the Firebug (Gnoll Fire Elementalist)        Turns: 5037, Time: 00:15:17

HP:   0/57 (58)     AC:  4    Str:  7    XL:     8   Next: 37%
MP:   1/17          EV: 13    Int: 18    God:    Okawaru [*.....]
Gold: 248           SH:  0    Dex: 12    Spells: 3/19 levels left

rFire   + . .      SeeInvis .    t - +1 hand axe (venom)
rCold   . . .      Faith    .    (no shield)
rNeg    + . .      Spirit   .    y - +0 leather armour {rF+}
rPois   .          Reflect  .    (no helmet)
rElec   .          Harm     .    (no cloak)
rCorr   .          Rampage  .    i - +0 pair of gloves
Will    .....                    (no boots)
Stlth   +++.......               (no amulet)
HPRegen 0.29/turn                g - ring of positive energy
MPRegen 0.15/turn                (no ring)

@: lightly drained
A: fangs 1, strong nose, distributed training
a: Renounce Religion, Heroism


You were on level 6 of the Dungeon.
You worshipped Okawaru.
Okawaru was aware of your devotion.
You visited 2 branches of the dungeon, and saw 7 of its levels.

You collected 248 gold pieces.

Inventory:

Hand Weapons
 t - a +1 hand axe of venom (weapon)
 u - a +2 mace of draining
Missiles
 k - a poisoned dart
 o - 2 atropa-tipped darts
 v - 2 throwing nets
 B - 10 javelins
Armour
 a - a +0 robe
 h - an orb of energy
 i - a +0 pair of gloves (worn)
 y - a +0 leather armour of fire resistance (worn)
Jewellery
 g - a ring of positive energy (left hand)
 C - a ring of flight
Wands
 A - a wand of roots (3)
Scrolls
 d - 8 scrolls of identify {unknown}
 e - a scroll of enchant armour {unknown}
 f - a scroll of acquirement {unknown}
 j - 4 scrolls of poison {unknown}
 l - a scroll of brand weapon {unknown}
 m - 2 scrolls of vulnerability {unknown}
 p - 2 scrolls of enchant weapon {unknown}
 r - a scroll of immolation {unknown}
 w - a scroll of magic mapping {unknown}
 z - a scroll of teleportation {unknown}
 D - a scroll of fog {unknown}
 F - a scroll of blinking {unknown}
Potions
 b - a potion of magic
 c - a potion of might {unknown}
 n - a potion of curing
 q - 2 potions of ambrosia {unknown}
 s - a potion of lignification {unknown}
 x - a potion of attraction {unknown}
 E - 2 potions of berserk rage {unknown}


   Skills:
 + Level 3.3 Fighting
 + Level 3.3 Short Blades
 + Level 3.3 Long Blades
 + Level 3.3 Axes
 + Level 3.3 Maces & Flails
 + Level 3.3 Polearms
 + Level 3.3 Staves
 + Level 3.3 Ranged Weapons
 + Level 3.3 Throwing
 + Level 3.3 Armour
 + Level 5.7 Dodging
 + Level 5.4 Stealth
 + Level 3.3 Shields
 + Level 3.3 Unarmed Combat
 + Level 6.1 Spellcasting
 + Level 3.5 Conjurations
 + Level 2.7 Hexes
 + Level 2.7 Summonings
 + Level 2.7 Necromancy
 + Level 2.7 Translocations
 + Level 2.7 Transmutations
 + Level 6.1 Fire Magic
 + Level 2.7 Ice Magic
 + Level 2.7 Air Magic
 + Level 2.7 Earth Magic
 + Level 2.7 Poison Magic
 + Level 3.7 Invocations
 + Level 3.3 Evocations


You had 3 spell levels left.
You knew the following spells:

 Your Spells              Type           Power      Damage    Failure   Level
a - Foxfire               Conj/Fire      88%        2x1d8     2%          1
b - Scorch                Fire           54%        2d8       1%          2
c - Inner Flame           Hex/Fire       21%        N/A       9%          3
d - Ignite Poison         Fire/Tmut/Pois 19%        N/A       11%         3
e - Kindle Blastsparks    Fire/Tloc/Air  38%        2d13      11%         3
f - Flame Wave            Conj/Fire      22%        2d8       24%         4

Your spell library contained the following spells:

 Spells                   Type           Power      Damage    Failure   Level
 Hailstorm                Conj/Ice       16%        3d6       14%         3
 Cause Fear               Hex            7%         N/A       50%         4
 Ice Form                 Ice/Tmut       15%        N/A       50%         4
 Freezing Cloud           Conj/Ice/Air   8%         6-21      80%         5
 Discord                  Hex            7%         N/A       100%        8
 Simulacrum               Ice/Necr       Unusable   N/A       N/A         6

Dungeon Overview and Level Annotations

Branches:
Dungeon (6/15)             Temple (1/1) D:4

Altars:
Dithmenos
Elyvilon
Hepliaklqana
Kikubaaqudgha
Nemelex Xobeh
Okawaru
Ru
Trog
Uskayaw
Vehumet
Wu Jian
Xom
Yredelemnul


Innate Abilities, Weirdness & Mutations

You have very sharp teeth.
Your uncanny sense of smell can sniff out nearby items.
Your experience applies equally to all skills.


Message History

Press: ? - help, Q - select action, (/) - cycle Dir - look around, f - activate You conjure some foxfire!
The centaur shoots an arrow.
The arrow hits you.
The centaur shoots an arrow.
The arrow hits you!
Unknown command.
Casting: Foxfire (safe; 2% risk of failure)
Press: ? - help, Q - select action, (/) - cycle Dir - look around, f - activate You conjure some foxfire!
The foxfire hits the wight but does no damage.
The foxfire hits the centaur.
The centaur is almost dead.
Casting: Foxfire (safe; 2% risk of failure)
Press: ? - help, Q - select action, (/) - cycle Dir - look around, f - activate You conjure some foxfire!
The foxfire hits the centaur.
The centaur is burned terribly!
You kill the centaur!
Okawaru accepts your kill.
The foxfire hits the wight.
The wight is lightly damaged.
A wight comes into view.
It is wielding a +0 hand axe and wearing a +2 robe of fire resistance.
The foxfire hits the wight but does no damage.
The wight is lightly damaged.
Casting: Foxfire (safe; 2% risk of failure)
Confirm with . or Enter, or press ? or * to list all spells.
Flames lash the wight but do no damage.
The foxfire hits the wight.
The wight is moderately damaged.
Unknown command.
Casting: Scorch (safe; 1% risk of failure)
Confirm with . or Enter, or press ? or * to list all spells.
Flames lash the wight.
The wight is severely damaged.
The wight's fire resistance burns away.
The wight hits you with a +0 mace!
* * * LOW HITPOINT WARNING * * *
You partially resist.
You feel drained.
* * * LOW HITPOINT WARNING * * *
Casting: Foxfire (safe; 2% risk of failure)
Press: ? - help, Q - select action, (/) - cycle Dir - look around, f - activate You conjure some foxfire!
The wight hits you with a +0 mace!
You die...

...#.####
#.......#
+z....... ∆
#.≈§≈≈≈≈≈
#.≈.....§
#.≈.≈≈.≈§
#zv.≈...§
#@≈)≈._.≈
#####v≈.≈...≈.≈
.##.....≈.≈≈≈≈≈..
........≈.......≈
..#.###.≈≈≈≈≈≈≈≈≈
# #............
#..........#
#..........##
#....<.......


You could see 2 wights.

Vanquished Creatures
  Eustachio (D:4)
  An ogre (D:6)
  2 centaurs
  A phantom (D:5)
  2 necrophages
  A wight (D:6)
  4 hounds
  A jelly (D:5)
  An orc priest (D:3)
  Natasha (thrice) (D:2)
  2 iguanas (D:4)
  8 gnolls
  2 adders
  4 worms
  18 orcs
  8 endoplasms
  8 goblins
  10 hobgoblins
  6 jackals
  2 kobolds (D:2)
  3 quokkas
  8 ball pythons
  7 bats
  6 frilled lizards
  2 rats (D:2)
111 creatures vanquished.

Vanquished Creatures (others)
  316 foxfires
316 creatures vanquished.

Grand Total: 427 creatures vanquished

Notes
Turn   | Place    | Note
-------+----------+-------------------------------------------
     0 | D:1      | arthad the Gnoll Fire Elementalist began the quest for the
                  | Orb.
     0 | D:1      | Reached XP level 1. HP: 13/13 MP: 6/6
   497 | D:1      | Reached XP level 2. HP: 17/19 MP: 5/7
   668 | D:1      | Learned a level 2 spell: Scorch
   945 | D:2      | Found a faded altar of an unknown god.
  1013 | D:2      | Noticed Natasha
  1017 | D:2      | Reached skill level 5 in Spellcasting
  1017 | D:2      | Reached XP level 3. HP: 25/25 MP: 3/9
  1023 | D:2      | Killed Natasha
  1024 | D:2      | Reached skill level 1 in Fighting
  1024 | D:2      | Reached skill level 1 in Short Blades
  1024 | D:2      | Reached skill level 1 in Long Blades
  1024 | D:2      | Reached skill level 1 in Axes
  1024 | D:2      | Reached skill level 1 in Maces & Flails
  1024 | D:2      | Reached skill level 1 in Polearms
  1024 | D:2      | Reached skill level 1 in Staves
  1024 | D:2      | Reached skill level 1 in Ranged Weapons
  1024 | D:2      | Reached skill level 1 in Throwing
  1024 | D:2      | Reached skill level 1 in Armour
  1024 | D:2      | Reached skill level 1 in Shields
  1024 | D:2      | Reached skill level 1 in Unarmed Combat
  1024 | D:2      | Reached skill level 1 in Invocations
  1024 | D:2      | Reached skill level 1 in Evocations
  1185 | D:2      | Noticed Natasha
  1190 | D:2      | Killed Natasha
  1191 | D:2      | Reached skill level 1 in Hexes
  1191 | D:2      | Reached skill level 1 in Summonings
  1191 | D:2      | Reached skill level 1 in Necromancy
  1191 | D:2      | Reached skill level 1 in Translocations
  1191 | D:2      | Reached skill level 1 in Transmutations
  1191 | D:2      | Reached skill level 1 in Ice Magic
  1191 | D:2      | Reached skill level 1 in Air Magic
  1191 | D:2      | Reached skill level 1 in Earth Magic
  1191 | D:2      | Reached skill level 1 in Poison Magic
  1191 | D:2      | Reached XP level 4. HP: 32/32 MP: 4/11
  1303 | D:2      | Noticed Natasha
  1307 | D:2      | Killed Natasha
  1588 | D:3      | Reached XP level 5. HP: 37/37 MP: 8/12
  2943 | D:4      | Reached XP level 6. HP: 44/44 MP: 7/14
  2951 | D:4      | Reached skill level 5 in Dodging
  3212 | D:4      | Noticed Eustachio
  3226 | D:4      | Killed Eustachio
  3227 | D:4      | Reached XP level 7. HP: 51/51 MP: 0/15
  3244 | D:4      | Learned a level 3 spell: Inner Flame
  3248 | D:4      | Learned a level 3 spell: Ignite Poison
  3252 | D:4      | Learned a level 3 spell: Kindle Blastsparks
  3257 | D:4      | Learned a level 4 spell: Flame Wave
  3472 | D:4      | Found a staircase to the Ecumenical Temple.
  3486 | Temple   | Entered the Ecumenical Temple
  3543 | Temple   | Became a worshipper of Warmaster Okawaru
  3782 | D:5      | Entered Level 5 of the Dungeon
  3811 | D:5      | Reached skill level 5 in Stealth
  4238 | D:5      | Reached * piety under Okawaru
  4294 | D:5      | Reached XP level 8. HP: 58/58 MP: 12/16
  5013 | D:6      | Found a radiant altar of Vehumet.
  5037 | D:6      | Slain by a wight

Illustrated notes

Levels and vault maps discovered:
D:1:      scummos_arrival_checkerplants, layout_loops_ring
D:2:      layout_rooms, dreamdust_ecumenical_altar_statues, uniq_natasha
D:3:      layout_basic
D:4:      layout_rooms, minmay_temple_entry_glass, uniq_eustachio
D:5:      layout_gridville
D:6:      layout_basic, mainiacjoe_overflow_concentric_impassable,
          nicolae_overflow_squiral, uniq_blork_the_orc, uniq_maggie
Temple:   chequers_temple_sunken

Skill      XL: |  1  2  3  4  5  6  7  8 |
---------------+-------------------------+-----
Conjurations   | 2 3 |  3.5
Spellcasting   | 5 6 |  6.1
Fighting       | 1 2 3 |  3.3
Short Blades   | 1 2 3 |  3.3
Long Blades    | 1 2 3 |  3.3
Axes           | 1 2 3 |  3.3
Maces & Flails | 1 2 3 |  3.3
Polearms       | 1 2 3 |  3.3
Staves         | 1 2 3 |  3.3
Ranged Weapons | 1 2 3 |  3.3
Throwing       | 1 2 3 |  3.3
Armour         | 1 2 3 |  3.3
Shields        | 1 2 3 |  3.3
Unarmed Combat | 1 2 3 |  3.3
Invocations    | 1 2 3 |  3.7
Evocations     | 1 2 3 |  3.3
Hexes          | 1 2 |  2.7
Summonings     | 1 2 |  2.7
Necromancy     | 1 2 |  2.7
Translocations | 1 2 |  2.7
Transmutations | 1 2 |  2.7
Ice Magic      | 1 2 |  2.7
Air Magic      | 1 2 |  2.7
Earth Magic    | 1 2 |  2.7
Poison Magic   | 1 2 |  2.7
Dodging        | 5 |  5.7
Stealth        | 5 |  5.4
Fire Magic     | 6 |  6.1

Action                   |  1- 3 |  4- 6 |  7- 9 || total
-------------------------+-------+-------+-------++-------
Melee: Unarmed           |     9 |     3 |       ||    12
       Punch             |     1 |       |       ||     1
       Hand axe          |       |     8 |     6 ||    14
       Bite              |       |     1 |       ||     1
Throw: Dart              |     2 |       |       ||     2
 Cast: Foxfire           |    39 |    74 |    69 ||   182
       Scorch            |     4 |    17 |    11 ||    32
  Use: Potion            |       |       |     1 ||     1
Armor: Robe              |     8 |     4 |       ||    12
       Leather armour    |       |       |     5 ||     5
Dodge: Dodged            |    16 |    20 |    30 ||    66

Table legend: (Time is in decaauts)
 A = Elapsed time spent in this place.
 B = Non-inter-level travel time spent in this place.
 C = Inter-level travel time spent in this place.
 D = Time resting spent in this place.
 E = Time spent auto-exploring this place.
 F = Levels seen in this place.
 G = Mean time per level.
                   A        B        C        D        E       F      G
               +--------+--------+--------+--------+--------+-----+--------+
         Total |   5056 |   4907 |    149 |    346 |   3827 |   7 |  722.3 |
       Dungeon |   4981 |   4832 |    149 |    346 |   3822 |   6 |  830.2 |
        Temple |     75 |     75 |      0 |      0 |      5 |   1 |   75.0 |
               +--------+--------+--------+--------+--------+-----+--------+

Top non-repeatable levels by time:
     D:3: 1300 daAuts
     D:5: 1157 daAuts
     D:4: 834 daAuts
     D:2: 815 daAuts
     D:1: 775 daAuts
     D:6: 97 daAuts
  Temple: 75 daAuts
